 Dungeon Crawl Stone Soup version 0.26-a0-651-gb41185065b (webtiles) character file.

Game seed: 6760023001355191958

72 Irenicus the Digger (level 4, 17/36 HPs)
             Began as a Deep Dwarf Earth Elementalist on Oct 20, 2020.
             Quit the game on level 2 of the Dungeon.
             The game lasted 00:06:04 (1064 turns).

Irenicus the Digger (Deep Dwarf Earth Elementalist) Turns: 1064, Time: 00:06:05

Health: 17/36      AC:  5    Str:  9 (12) XL:     4   Next: 7%
Magic:  6/6        EV: 12    Int: 13 (16) God:
Gold:   130        SH:  0    Dex: 11 (13) Spells: 3/6 levels left

rFire    . . .     SeeInvis .   f - +1 flail
rCold    . . .     Faith    .   (no shield)
rNeg     . . .     Spirit   .   c - +0 robe
rPois    .         Reflect  .   e - +2 helmet
rElec    .         Harm     .   (no cloak)
rCorr    .         Rampage  .   (no gloves)
MR       .....                  (no boots)
Stlth    ++........             (no amulet)
HPRegen  0.00/turn              (no ring)
MPRegen  0.10/turn              (no ring)

@: mighty, brilliant, about to teleport, berserk cooldown, stab,
non-regenerating, slowed, very slow
A: damage resistance, heal wounds, mutation resistance 1, sense surroundings 1,
MP-powered wands, no regeneration
a: Heal Wounds


You were on level 2 of the Dungeon.
You visited 1 branch of the dungeon, and saw 2 of its levels.

You collected 130 gold pieces.

Inventory:

Hand Weapons
 f - a +1 flail (weapon)
   (You took it off a gnoll on level 1 of the Dungeon)
 i - a +0 dagger
   (You took it off a kobold on level 2 of the Dungeon)
Missiles
 b - 43 stones (quivered)
Armour
 c - a +0 robe (worn)
 e - a +2 helmet (worn)
   (You found it on level 1 of the Dungeon)
Jewellery
 l - an uncursed ring of fire {rF+, rC-}
   (You found it on level 2 of the Dungeon)
Scrolls
 g - 3 scrolls of identify
Potions
 d - a potion of brilliance
 h - a potion of degeneration {!q}


   Skills:
 - Level 2.1 Dodging
 - Level 2.4 Stealth
 - Level 1.7 Spellcasting
 - Level 0.8 Transmutations
 + Level 6.6 Earth Magic


You had 3 spell levels left.
You knew the following spells:

 Your Spells              Type           Power        Failure   Level
a - Sandblast             Erth           ####..       1%          1
w - Passwall              Tmut/Erth      ###.....     9%          2

Your spell library contained the following spells:

 Spells                   Type           Power        Failure   Level
 Stone Arrow              Conj/Erth      ##....       21%         3
 Lee's Rapid Deconstruct  Erth           ####......   43%         5
 Petrify                  Tmut/Erth      ###.....     50%         4


Dungeon Overview and Level Annotations

Branches:
Dungeon (2/15)

Altars:
Xom


Innate Abilities, Weirdness & Mutations

You are resistant to damage.
You can heal yourself by infusing magical energy.
You passively map a small area around you.
You do not regenerate.
You are somewhat resistant to further mutation.
You expend magic power (3 MP) to strengthen your wands.


Message History

There is a fountain of clear blue water here.
MP restored: 5
Found a stone staircase leading down.
n - a metallic purple potion
Casting: Passwall (safe; 7% risk of failure)
Confirm with . or Enter, or press ? or * to list all spells.
Aiming: Sandblast (safe; 1% risk of failure)
Press: ? - help, Shift-Dir - straight line, f - dart slug
Aim: a dart slug The blast of sand hits the dart slug!
The dart slug is almost dead.
b - 41 stones You now have 4/5 mp.
Casting: Sandblast (safe; 1% risk of failure)
Confirm with . or Enter, or press ? or * to list all spells.
Aiming: Sandblast (safe; 1% risk of failure)
Press: ? - help, Shift-Dir - straight line, f/p - dart slug
Aim: a dart slug (almost dead)
The blast of sand hits the dart slug!
You kill the dart slug!
You have reached level 4!
You feel stronger.
b - 40 stones You regained 4 hp, and now have 17/36 hp.
You now have 3/6 mp.
You see here a dart slug corpse.
Found an escape hatch in the ceiling.
MP restored: 6 You now have 130 gold pieces (gained 15).
The bat misses you. The bat hits you but does no damage.
The bat hits you but does no damage. The bat hits you but does no damage.
The bat misses you.
Casting: Sandblast (safe; 1% risk of failure)
Confirm with . or Enter, or press ? or * to list all spells.
Aiming: Sandblast (safe; 1% risk of failure)
Press: ? - help, Shift-Dir - straight line, f - bat
Aim: a bat The blast of sand hits the bat!
You kill the bat!
b - 39 stones You now have 5/6 mp.
A kobold comes into view. It is wielding a +0 short sword.
A kobold is nearby!
The kobold shouts!
The kobold throws a stone.
The stone hits you but does no damage.
You see here a stone.
Casting: Sandblast (safe; 1% risk of failure)
Confirm with . or Enter, or press ? or * to list all spells.
You can't see any susceptible monsters within range! (Use Z to cast anyway.) Unknown command.
Unknown command.
MP restored: 6
Casting: Sandblast (safe; 1% risk of failure)
Confirm with . or Enter, or press ? or * to list all spells.
Aiming: Sandblast (safe; 1% risk of failure)
Press: ? - help, Shift-Dir - straight line, f - kobold
Aim: a kobold, wielding a +0 short sword and quivering 4 stones The blast of sand hits the kobold!
You kill the kobold!
b - 38 stones You now have 5/6 mp.
b - 39 stones (gained 1) Magic restored.
b - 43 stones (gained 4);
o - a blue potion You see here a +0 short sword.
MP restored: 6 It was a potion of might.
You feel very mighty all of a sudden.
It was a potion of mutation.
You feel extremely strange.
You feel your magical essence link to the dungeon's wands.
You feel genetically stable.
It was a potion of degeneration.
There was something very wrong with that liquid.
You feel weakened.
You feel dopey.
You feel clumsy.
It was a potion of berserk rage.
A red film seems to cover your vision as you go berserk!
You feel yourself moving faster!
You feel mighty!
You now have 26/54 hp.
You are too berserk!
You feel a strong urge to attack something.
You feel your anger nearly subside.
You are no longer berserk.
You are exhausted.
You feel yourself slow down.
You now have 17/36 hp.
It was a potion of brilliance.
You feel clever all of a sudden.
It was a potion of stabbing.
You feel ready to backstab.
As you read the scroll labeled JIP LAYHALIETU, it crumbles to dust.
You feel blessed for a moment.
It was a scroll of remove curse.
As you read the scroll labeled NUOMULI PEDES, it crumbles to dust.
You feel strangely unstable.
It was a scroll of teleportation.
As you read the scroll labeled HASARI DINNIDGH, it crumbles to dust.
It is a scroll of identify.
You don't have any unidentified items.
Unknown command.
Are you sure you want to abandon this character and quit the game? (Confirm with "yes".)

#.#####..### #.....## #
######.....#....####.##### ###
............÷#.....#.##########..
..######.........)...........†..#
.........###..........###########
...###########..###.#.#######....
...# ##.....###.......#...##.
...# ###..#....<..........####.
...# #......#.@###.####.### *..
..## ###...#####.# #......### #.#
.#####...### #.#######....#...#
##.....### #.># ###.<...##
...#.### ##.# ###....[.### ####.#
#.###...###..>..) ###..#
#†....### ###... #...## #..####
#..<.. #.### ####...#* #.....


There were no monsters in sight!

Vanquished Creatures
  2 adders (D:2)
  A gnoll (D:1)
  2 dart slugs (D:2)
  8 bats
  A giant cockroach (D:2)
  5 goblins
  3 hobgoblins
  6 kobolds
  2 ball pythons (D:2)
  3 frilled lizards
  7 rats
40 creatures vanquished.

Notes
Turn   | Place    | Note
-------+----------+-------------------------------------------
     0 | D:1      | Irenicus the Deep Dwarf Earth Elementalist began the quest
                  | for the Orb.
     0 | D:1      | Reached XP level 1. HP: 15/15 MP: 3/3
   237 | D:1      | Reached XP level 2. HP: 13/22 MP: 0/4
   243 | D:1      | Learned a level 2 spell: Passwall
   342 | D:1      | Reached skill level 5 in Earth Magic
   595 | D:2      | Reached XP level 3. HP: 15/28 MP: 2/5
   701 | D:2      | Reached skill level 6 in Earth Magic
   898 | D:2      | Found a shimmering altar of Xom.
   898 | D:2      | Found a shimmering altar of Xom.
   898 | D:2      | Found a shimmering altar of Xom.
   898 | D:2      | Found a shimmering altar of Xom.
   899 | D:2      | Found a shimmering altar of Xom.
   899 | D:2      | Found a shimmering altar of Xom.
   982 | D:2      | Reached XP level 4. HP: 17/36 MP: 3/6
  1051 | D:2      | Gained mutation: You expend magic power (3 MP) to
                  | strengthen your wands. [potion of mutation]
  1051 | D:2      | Gained mutation: You are somewhat resistant to further
                  | mutation. [potion of mutation]
  1064 | D:2      | Quit the game

Illustrated notes

Levels and vault maps discovered:
D:1:      grunt_arrival_lava_bath, layout_basic
D:2:      layout_rooms, xom_redecorated, minmay_pentomino_r2

Skill      XL: |  1  2  3 |
---------------+----------+-----
Earth Magic    | 5 6 |  6.6
Dodging        | |  2.1
Stealth        | |  2.4
Spellcasting   | |  1.7
Transmutations | |  0.8

Action                   |  1- 3 |  4- 6 || total
-------------------------+-------+-------++-------
Melee: Flail             |    46 |       ||    46
 Cast: Sandblast         |    36 |     3 ||    39
       Passwall          |     6 |       ||     6
  Use: Scroll            |     1 |     3 ||     4
       Potion            |       |     6 ||     6
Armor: Robe              |    34 |     4 ||    38
Dodge: Dodged            |    55 |     2 ||    57

Table legend: (Time is in decaauts)
 A = Elapsed time spent in this place.
 B = Non-inter-level travel time spent in this place.
 C = Inter-level travel time spent in this place.
 D = Time resting spent in this place.
 E = Time spent auto-exploring this place.
 F = Levels seen in this place.
 G = Mean time per level.
                   A        B        C        D        E       F      G
               +--------+--------+--------+--------+--------+-----+--------+
         Total |   1085 |   1054 |     31 |      0 |     61 |   2 |  542.5 |
       Dungeon |   1085 |   1054 |     31 |      0 |     61 |   2 |  542.5 |
               +--------+--------+--------+--------+--------+-----+--------+

Top non-repeatable levels by time:
     D:1: 556 daAuts
     D:2: 529 daAuts

Table legend:
 A = Kills in this place as a percentage of kills in entire the game.
 B = Kills by you in this place as a percentage of kills by you in the entire game.
 C = Kills by friends in this place as a percentage of kills by friends in the entire game.
 D = Other kills in this place as a percentage of other kills in the entire game.
 E = Experience gained in this place as a percentage of experience gained in the entire game.
 F = Experience gained in this place divided by the number of levels of this place that you have seen.
                   A       B       C       D       E      F
               +-------+-------+-------+-------+-------+----------------------
         Total | 100.0 | 100.0 |   N/A |   N/A | 100.0 |  52.0
       Dungeon | 100.0 | 100.0 |   N/A |   N/A | 100.0 |  52.0
               +-------+-------+-------+-------+-------+----------------------
